 Dungeon Crawl Stone Soup version 0.23-a0-483-g32a748b514 (webtiles) character file.

68 Naow the Chopper (level 4, -4/35 HPs)
             Began as a Formicid Fighter on Nov 30, 2018.
             Slain by a gnoll (6 damage)
             ... on level 3 of the Dungeon.
             The game lasted 00:02:02 (1698 turns).

Naow the Chopper (Formicid Fighter)                 Turns: 1698, Time: 00:02:02

Health: -4/35      AC:  6    Str: 21    XL:     4   Next: 41%
Magic:  4/4        EV:  7    Int:  8    God:
Gold:   127        SH:  9    Dex: 10    Spells: 3/3 levels left

rFire    . . .     SeeInvis +   a - +0 war axe
rCold    . . .     Gourm    .   c - +0 shield
rNeg     . . .     Faith    .   b - +0 scale mail
rPois    .         Spirit   .   (helmet unavailable)
rElec    .         Reflect  .   (no cloak)
rCorr    .         Harm     .   (no gloves)
MR       .....                  (no boots)
Stlth    ..........             (no amulet)
HPRegen  0.11/turn              (no ring)
MPRegen  0.09/turn              (no ring)

@: no status effects
A: permanent stasis, dig shafts and tunnels, four strong arms, antennae 3
a: Dig, Shaft Self


You were on level 3 of the Dungeon.
You were not hungry.

You visited 1 branch of the dungeon, and saw 3 of its levels.

You collected 127 gold pieces.

Inventory:

Hand Weapons
 a - a +0 war axe (weapon)
Armour
 b - a +0 scale mail (worn)
 c - a +0 shield (worn)
 m - a +0 plate armour
Jewellery
 o - a +4 ring of intelligence
Scrolls
 e - 4 scrolls of remove curse {unknown}
 h - 4 scrolls of identify {unknown}
 i - 2 scrolls of teleportation {unknown}
 j - a scroll of immolation {unknown}
 l - a scroll of noise {unknown}
Potions
 d - a potion of might
 k - a potion of degeneration {unknown}
 n - a potion of curing {unknown}
Comestibles
 f - a ration
 g - 3 chunks of flesh


   Skills:
 - Level 3.2 Fighting
 + Level 4.3 Axes
 - Level 3.2 Armour
 - Level 3.6 Shields


You had 3 spell levels left.
You didn't know any spells.
Your spell library was empty.

Dungeon Overview and Level Annotations

Branches:
Dungeon (3/15)

Altars:
Elyvilon
Ru


Innate Abilities, Weirdness & Mutations

You cannot be hasted, slowed, berserked, paralysed or teleported.
You can dig through walls and to a lower floor.
Your four strong arms can wield two-handed weapons with a shield.
You have a pair of large antennae on your head. (SInv)


Message History

The kobold is moderately wounded.
You barely miss the gnoll. The kobold hits you but does no damage.
The gnoll hits you but does no damage. The kobold hits you but does no damage.
You closely miss the kobold.
The kobold is moderately wounded.
You hit the gnoll. The gnoll hits you with a +0 whip.
* * * LOW HITPOINT WARNING * * *
The kobold hits you but does no damage. The gnoll hits you with a +0 whip.
* * * LOW HITPOINT WARNING * * *
You hit the kobold.
You kill the kobold!
You slash the gnoll!
You kill the gnoll!
You barely miss the goblin. You hit the gnoll but do no damage.
You block the gnoll's attack. The goblin hits you but does no damage.
You block the gnoll's attack. The goblin completely misses you.
You hit the goblin.
The goblin is moderately wounded.
You barely miss the gnoll. The gnoll hits you.
You die...

..? #..# # ....#..#
########### .....g{#####
#.......... ....##{{{..#
#.######### .#....{###.#
#.##### #
#.####.###.############.#...#
# #. #..........{.....).....#
# # #
#........######.####...#####
..##........g@gggg#####.......
..........########.##########
###.......# #............
#.......# ##.#########.
#.......# #.# #. ##.###### #.#
#. #.# #.# #.
#.#############.# #.
#......)......†.# ##


You could see 2 gnolls, a hobgoblin and 2 goblins.

Vanquished Creatures
  A gnoll (D:3)
  2 adders (D:2)
  A worm (D:1)
  2 dart slugs
  A leopard gecko (D:2)
  An orc (D:3)
  3 bats
  A giant cockroach (D:3)
  A hobgoblin (D:2)
  3 jackals (D:3)
  6 kobolds
  A quokka (D:2)
  4 frilled lizards
  4 goblins
  3 rats (D:1)
34 creatures vanquished.

Notes
Turn   | Place    | Note
-------+----------+-------------------------------------------
     0 | D:1      | Naow the Formicid Fighter began the quest for the Orb.
     0 | D:1      | Reached XP level 1. HP: 18/18 MP: 1/1
   235 | D:1      | Reached XP level 2. HP: 24/24 MP: 2/2
   286 | D:1      | Found a white marble altar of Elyvilon.
   699 | D:1      | Reached skill level 3 in Axes
   904 | D:2      | Reached XP level 3. HP: 26/29 MP: 3/3
  1436 | D:2      | Reached skill level 4 in Axes
  1436 | D:2      | Reached XP level 4. HP: 33/35 MP: 4/4
  1489 | D:3      | Found a sacrificial altar of Ru.
  1698 | D:3      | Slain by a gnoll

Vault maps used:
D:1:      evilmike_arrival_run_for_it, kennysheep_flooded_box,
          chequers_serial_rivers_small_3
D:2:      grunt_ministairs_2
D:3:      nicolae_overflow_hidden_temple

Skill      XL: |  1  2  3 |
---------------+----------+-----
Axes           | 3 4 |  4.3
Fighting       | |  3.2
Armour         | |  3.2
Shields        | |  3.6

Action                   |  1- 3 |  4- 6 || total
-------------------------+-------+-------++-------
Melee: War axe           |    70 |    36 ||   106
  Eat: Chunk             |     2 |     1 ||     3
Armor: Scale mail        |    36 |    20 ||    56
Dodge: Dodged            |    27 |    10 ||    37
Block: Shield            |    41 |    21 ||    62

Table legend:
 A = Non-vault XP
 B = Vault XP
 C = Vault XP percentage of total XP
 D = Non-vault monster count
 E = Vault monster count
 F = Vault count percentage of total count
                 A         B        C        D         E       F
            +---------+---------+-------+---------+---------+-------
      Total |      90 |       8 |   8.2 |      31 |       3 |   8.8
            +---------+---------+-------+---------+---------+-------
        D:1 |      14 |       5 |  26.3 |       9 |       1 |  10.0
        D:2 |      47 |       3 |   6.0 |      13 |       2 |  13.3
        D:3 |      29 |       0 |   0.0 |       9 |       0 |   0.0
            +---------+---------+-------+---------+---------+-------
